Map: King's Cove LE

Players

Lillekanin - Winner!

  • Race: Terran Terran
  • Spawn Location: 5:00

Kas

  • Race: Terran Terran
  • League: Platinum
  • Spawn Location: 11:00

Event: 2019 WCS Summer

VOD

Have the link to the VOD?

Description

Time

  • Played on: July 12, 2019, 8:19 a.m.
  • Length: 10:23

All games in this series

Show
View Real Time Build Order
Export as new Build Order

Lillekanin Terran - Winner!

Build Orders: Cyclone Opening, Mech 

Get SALT Encoding   

  12  0:00  SCV  
  13  0:13  SCV  
  14  0:18  Supply Depot  
  14  0:25  SCV  
  15  0:29  Refinery  
  15  0:39  SCV  
  16  0:46  Barracks  
  16  0:52  SCV  
  17  0:57  Refinery  
  17  1:04  SCV  
  18  1:16  SCV  
  20  1:33  Orbital Command, Reaper  
  20  1:38  Factory  
  20  1:48  Supply Depot  
  20  2:00  SCV  
  21  2:06  Barracks Tech Lab  
  21  2:12  SCV  
  22  2:27  Command Center  
  22  2:30  SCV  
  22  2:34  Cyclone  
  26  2:38  Reaper  
  26  2:42  SCV  
  28  2:47  Supply Depot  
  28  2:55  SCV  
  29  3:07  SCV  
  29  3:08  Cyclone  
  33  3:19  SCV  
  32  3:29  Starport  
  32  3:30  Refinery  
  32  3:31  SCV  
  33  3:42  Refinery  
  33  3:43  SCV, Mag-Field Accelerator  
  34  3:54  Cyclone  
  34  3:55  SCV  
  39  3:59  Orbital Command  
  38  4:07  SCV  
  38  4:09  Starport Tech Lab  
  39  4:19  SCV  
  38  4:25  SCV  
  38  4:28  Cyclone  
  38  4:30  Raven  
  44  4:31  SCV  
  44  4:37  SCV  
  46  4:43  SCV  
  47  4:50  SCV  
  48  4:56  SCV  
  46  5:00  Cyclone  
  46  5:02  SCV  
  46  5:05  Supply Depot  
  50  5:11  Factory  
  50  5:18  SCV  
  52  5:21  SCV  
  52  5:30  SCV, Starport Reactor  
  52  5:33  SCV  
  54  5:42  SCV  
  55  5:45  SCV  
  56  5:54  SCV  
  56  5:55  Command Center  
  57  5:57  SCV  
  57  6:01  Supply Depot  
  58  6:06  SCV  
  58  6:09  Siege Tank  
  62  6:17  Supply Depot  
  62  6:23  Viking x2, SCV x2  
  68  6:28  Factory  
  68  6:31  Armory  
  68  6:35  SCV x2  
  70  6:41  Factory  
  70  6:48  Factory  
  70  6:50  Barracks  
  70  6:53  Viking x2  
  74  6:59  SCV  
  74  7:00  SCV  
  76  7:11  Siege Tank x2, SCV  
  76  7:13  SCV  
  84  7:23  Viking x2  
  84  7:24  Factory Reactor  
  84  7:25  Terran Vehicle Weapons Level 1  
  84  7:26  SCV  
  89  7:30  Refinery  
  89  7:32  SCV x2  
  91  7:38  Supply Depot  
  91  7:41  Supply Depot  
  89  7:48  Siege Tank  
  89  7:51  SCV  
  84  7:52  Siege Tank  
  84  7:53  Viking x2  
  84  7:58  Marine  
  92  8:03  Hellion  
  94  8:09  Hellion  
  93  8:20  Siege Tank  
  93  8:24  Siege Tank  
  93  8:25  SCV, Hellion  
  103  8:28  SCV  
  103  8:30  Hellion  
  107  8:34  Refinery  
  107  8:35  Factory Tech Lab  
  107  8:36  Factory Tech Lab  
  107  8:40  Orbital Command, Viking  
  104  8:45  Viking  
  104  8:47  SCV  
  107  8:49  Supply Depot  
  107  8:51  SCV  
  107  8:52  Siege Tank  
  111  8:56  Siege Tank  
  111  9:01  Siege Tank  
  117  9:08  Supply Depot x2  
  117  9:11  Hellion  
  117  9:12  Liberator  
  117  9:13  Siege Tank  
  117  9:14  Hellion  
  124  9:29  Viking  
  124  9:30  Supply Depot  
  129  9:37  Hellion  
  125  9:46  Siege Tank  
  125  9:47  Hellion x2  
  125  9:51  Hellion  
  129  10:04  SCV  
Show
View Real Time Build Order
Export as new Build Order

Kas Terran 

Build Orders:  

Get SALT Encoding   

  12  0:00  SCV  
  13  0:13  SCV  
  14  0:17  Supply Depot  
  14  0:25  SCV  
  15  0:29  Refinery  
  15  0:39  SCV  
  16  0:45  Barracks  
  16  0:51  SCV  
  17  0:57  Refinery  
  17  1:03  SCV  
  18  1:15  SCV  
  19  1:33  Orbital Command, Factory  
  19  1:36  Reaper  
  20  1:46  Supply Depot  
  20  1:58  SCV  
  21  2:08  Reaper  
  21  2:14  SCV  
  23  2:17  Hellion  
  25  2:28  Command Center  
  25  2:30  SCV  
  26  2:41  Supply Depot  
  26  2:43  Hellion, Reaper  
  29  2:48  SCV  
  30  2:57  Starport  
  30  3:04  SCV  
  31  3:07  Factory Tech Lab  
  31  3:16  SCV  
  31  3:26  Barracks Tech Lab  
  31  3:27  Cyclone  
  31  3:28  SCV  
  32  3:40  Orbital Command, SCV  
  33  3:42  Refinery  
  33  3:49  Raven  
  33  3:52  SCV  
  36  3:56  Marine  
  37  4:03  Siege Tank  
  37  4:04  SCV  
  37  4:05  SCV  
  42  4:15  Supply Depot  
  42  4:16  SCV  
  43  4:17  Barracks Reactor  
  43  4:18  SCV  
  41  4:28  SCV  
  41  4:30  SCV  
  40  4:35  Siege Tank  
  43  4:40  SCV  
  43  4:42  SCV  
  45  4:49  Raven, Command Center  
  47  4:53  SCV  
  47  4:57  SCV  
  49  5:01  Marine x2  
  49  5:05  SCV  
  52  5:07  Siege Tank  
  52  5:08  Refinery  
  52  5:10  SCV  
  56  5:24  SCV  
  56  5:30  SCV  
  56  5:39  Siege Tank  
  56  5:40  SCV  
  60  5:43  SCV  
  60  5:45  Supply Depot  
  61  5:52  Marine  
  61  5:54  Stimpack  
  62  6:00  Viking x2, SCV x2  
  62  6:02  Orbital Command  
  67  6:12  Siege Tank  
  67  6:13  Marine, SCV x2  
  73  6:23  Barracks x2  
  73  6:25  Orbital Command, SCV x2  
  75  6:35  Viking x2  
  75  6:36  Marauder  
  75  6:37  SCV  
  75  6:39  Supply Depot  
  82  6:40  SCV  
  82  6:41  Supply Depot  
  83  6:49  SCV  
  83  6:52  SCV  
  85  6:57  Supply Depot x2  
  85  6:58  Engineering Bay  
  85  6:59  Engineering Bay  
  85  7:01  Siege Tank, SCV x2  
  90  7:04  Marauder, SCV  
  93  7:09  Viking x2  
  93  7:11  Barracks Tech Lab  
  93  7:12  Barracks Reactor  
  93  7:13  SCV x2  
  99  7:19  Supply Depot  
  99  7:20  Supply Depot  
  99  7:21  SCV  
  100  7:25  SCV  
  100  7:26  Marauder  
  103  7:30  Barracks  
  103  7:32  Barracks, SCV  
  103  7:33  Combat Shield  
  105  7:37  SCV, Terran Infantry Weapons Level 1  
  105  7:38  Terran Infantry Armor Level 1  
  101  7:47  Supply Depot  
  93  7:52  Viking x2  
  93  7:54  Siege Tank, Marauder  
  93  7:55  Marauder  
  103  8:00  SCV  
  102  8:06  SCV  
  102  8:09  Marine x2  
  99  8:13  Barracks  
  99  8:16  Marauder x2  
  99  8:17  SCV x2  
  91  8:27  Barracks Reactor, Marine, Barracks Tech Lab  
  91  8:31  Marine  
  91  8:32  Barracks x2, Siege Tank, Medivac  
  96  8:37  Marauder x2  
  96  8:38  Refinery  
  96  8:39  Refinery  
  100  8:42  Armory  
  100  8:45  Marine  
  101  8:50  Concussive Shells, Marauder  
  103  8:59  Marauder, Supply Depot  
  103  9:00  Marauder  
  103  9:02  Command Center  
  107  9:03  Barracks Tech Lab  
  107  9:07  SCV x2  
  107  9:09  SCV  
  110  9:10  Marine x2  
  110  9:11  Marauder, Marine x2  
  116  9:19  Barracks Reactor  
  116  9:20  Marauder, Barracks Tech Lab  
  116  9:22  Medivac  
  116  9:23  Medivac  
  121  9:29  Marine x2, Marauder x2  
  127  9:32  Marauder  
  129  9:39  Marauder, Marine x2  
  129  9:41  Marauder  
  116  9:47  Marine  
  116  9:51  Marauder x2, Marine  
  116  9:54  Marauder  
  116  9:57  Marine x2  
  114  10:01  Marauder  
  114  10:02  Marine  
  114  10:03  Marine  
  114  10:04  Marine  
Tags
 
Add a new tag
Caveats
  • Supply blocks, unpowered buildings, or Contaminate may cause inaccurate times.
  • Supply counts are checked every 10 seconds.